 Dungeon Crawl Stone Soup version 0.18.1-50-g88ac8fd (webtiles) character file.

20336 recordrepeat the Blocker (level 12, -9/95 HPs)
             Began as a Hill Orc Fighter on Oct 22, 2016.
             Was the Champion of Beogh.
             Mangled by an orc warrior
             ... wielding a +0 trident
             ... led by an orc knight
              (19 damage)
             ... on level 1 of the Orcish Mines.
             The game lasted 01:19:26 (20543 turns).

recordrepeat the Blocker (Hill Orc Fighter)        Turns: 20543, Time: 01:19:26

Health: -9/95      AC: 24    Str: 22    XL:     12   Next: 78%
Magic:  22/22      EV: 17    Int: 18    God:    Beogh [******]
Gold:   1471       SH: 10    Dex: 18    Spells: 0 memorised, 11 levels left

rFire  . . .     SeeInvis +     L - +1 mace (protect)
rCold  . . .     Gourm    .     N - +4 ring mail of the Desert {Dex+4 SInv Stlth+}
rNeg   + + +     Faith    .     S - +2 buckler
rPois  +         Spirit   .     M - +2 helmet of Isiz {+Inv MP+9 Int+6}
rElec  +         Dismiss  .     W - +0 cloak
rCorr  .         Reflect  .     (no gloves)
SustAt .         Harm     .     v - +0 pair of boots
MR     +....                    s - amulet of magic regeneration
Stlth  +++.......               z - ring of protection from magic
                                T - ring "Huuhysoo" {*Confuse rElec rPois rN+++ Int+4}

@: about to teleport, somewhat resistant to hostile enchantments, fairly
stealthy
A: walk on water, agile 1, frail 1, MP-powered wands
a: Smiting, Recall Orcish Followers, Give Item to Named Follower, Resurrection,
Renounce Religion, Evoke Invisibility


You were on level 1 of the Orcish Mines.
You worshipped Beogh.
Beogh was exalted by your worship.
You were hungry.

You visited 3 branches of the dungeon, and saw 19 of its levels.
You also visited: Ice Cave.

You collected 1471 gold pieces.

Inventory:

Hand Weapons
 a - a +0 war axe
 r - a +0 antimagic quarterstaff
 B - a +0 falchion of holy wrath
 L - a +1 mace of protection (weapon)
Armour
 c - a +0 shield
 v - a +0 pair of boots (worn)
 M - the +2 helmet of Isiz (worn) {+Inv MP+9 Int+6}
   (You found it on level 6 of the Dungeon)

   It affects your intelligence (+6).
   It affects your magic capacity (+9).
   It lets you turn invisible.
 N - the +4 ring mail of the Desert (worn) {Dex+4 SInv Stlth+}
   (You took it off a gnoll on level 10 of the Dungeon)

   It affects your dexterity (+4).
   It lets you see invisible.
   It makes you more stealthy.
 R - the +2 leather armour of Daisies {Regen+}
   (You found it on level 1 of the Lair of Beasts)

   It increases your rate of regeneration.
 S - a +2 buckler (worn)
 W - a +0 cloak (worn)
Jewellery
 s - an amulet of magic regeneration (around neck)
 z - a ring of protection from magic (right hand)
 T - the ring "Huuhysoo" (left hand) {*Confuse rElec rPois rN+++ Int+4}
   (You took it off a hobgoblin on level 8 of the Dungeon)

   [ring of poison resistance]

   It affects your intelligence (+4).
   It insulates you from electricity.
   It protects you from poison.
   It renders you almost immune to negative energy.
   It may confuse you when you take damage.
Wands
 o - a wand of paralysis (18/24)
 u - a wand of acid (2/15)
 A - a wand of enslavement (17/24)
 G - a wand of teleportation (4/9)
 K - a wand of acid (11/15)
Scrolls
 e - 2 scrolls of noise {unknown}
 g - 6 scrolls of blinking
 i - 6 scrolls of amnesia
 j - 4 scrolls of remove curse
 k - a scroll of random uselessness {unknown}
 l - 6 scrolls of teleportation
 m - 5 scrolls of enchant weapon
 q - 5 scrolls of magic mapping
 t - a scroll of silence {unknown}
 y - 2 scrolls of recharging {unknown}
 F - 3 scrolls of enchant armour {unknown}
 J - 3 scrolls of immolation {unknown}
 O - 2 scrolls of fear {unknown}
 P - 2 scrolls of fog {unknown}
Potions
 d - 2 potions of might
 h - a potion of resistance
 n - a potion of heal wounds
 p - 2 potions of berserk rage
 w - 3 potions of haste
 x - a potion of ambrosia
 H - 3 potions of flight
 V - a potion of mutation
 X - 2 potions of invisibility
 Y - a potion of cure mutation
Miscellaneous
 I - a sack of spiders
 Q - a plain deck of changes
 Z - a fan of gales
Comestibles
 b - 4 chunks of flesh
 f - 11 bread rations
 D - 19 fruits
 E - 4 meat rations


   Skills:
 + Level 10.1 Fighting
 + Level 7.9(9.6) Axes
 + Level 7.0(8.2) Maces & Flails
 + Level 10.1 Armour
 + Level 7.7 Dodging
 + Level 3.5 Stealth
 + Level 12.2 Shields
 + Level 2.1 Invocations


You had 11 spell levels left.
You didn't know any spells.

Dungeon Overview and Level Annotations

Branches:
Dungeon (11/15)            Temple (0/1) D:5            Lair (6/8) D:8
  Swamp (0/4) Lair:3          Orc (2/2) D:11
  Snake: Lair:3-6    Spider: Lair:3-6     Slime: Lair:6-8       Elf: Orc:2

Altars:
Ashenzari
Gozag
Kikubaaqudgha
Nemelex Xobeh
Okawaru
Qazlal
Sif Muna
Vehumet
Yredelemnul
Beogh

Shops:
D:8 (   D:9 :   Orc:2 *


Innate Abilities, Weirdness & Mutations

You can walk on water.
You are agile. (Dex +2)
You are frail (-10% HP).
You expend magic power (3 MP) to strengthen your wands.


Message History

The orc knight is almost dead.
You are feeling hungry.
The orc warrior hits you from afar with a trident.
You hit the orc wizard but do no damage.
The orc wizard is severely wounded.
You block the orc priest's attack. The orc warrior misses you.
The orc knight hits you with an uncursed enchanted war axe!
The orc wizard barely misses you.
You barely miss the orc wizard.
The orc wizard is severely wounded.
The orc wizard no longer looks unusually strong.
The orc priest hits you but does no damage.
The orc warrior hits you from afar with a trident!!
* * * LOW HITPOINT WARNING * * *
The orc knight completely misses you. The orc wizard completely misses you.
As you read the scroll of teleportation, it crumbles to dust.
You feel strangely unstable. The orc priest barely misses you.
The orc warrior hits you from afar with a trident!!
You die...
Beogh appreciates the orc warrior's killing of a heretic priest.

##......## ##
#...#....###
#.......##.## #####
#.......#...###...##
.##.....#.....#.....# .
...........)........##..
.....#.....#.....#.....#
.....#..).###...)#.....#
.........)....o.@oO....#
..#....##.......oo..#...
####... #....##....##
$.... ##.#####...#
#..... ### ##.#. ...##
#... #... ...


You could see an orc knight, an orc warrior, an ogre, an orc priest and an orc
wizard (invisible).

Vanquished Creatures
  A hydra (Lair:4)
  A fire crab (Lair:5)
  An orc sorcerer (Orc:1)
  A cyclops (D:11)
  A gargoyle (D:11)
  A komodo dragon (Lair:2)
  2 polar bears (IceCv)
  A two-headed ogre (D:8)
  A blink frog (Lair:4)
  A shadow (D:10)
  2 spriggans
  Eustachio (D:4)
  A steam dragon (D:7)
  6 yaks
  A hungry ghost (D:7)
  A hippogriff (Lair:4)
  Menkaure (D:4)
  A warg (D:11)
  3 water moccasins
  2 porcupines
  5 sky beasts
  An ice beast (D:8)
  5 orc warriors
  8 ogres
  2 phantoms (D:8)
  7 wolves
  3 centaurs
  A crocodile (D:10)
  2 big kobolds
  6 giant frogs
  A gnoll sergeant (D:4)
  Blork the orc (D:4)
  3 scorpions
  A killer bee (D:10)
  An electric eel (Lair:3)
  A crimson imp (D:9)
  A centaur zombie (D:8)
  6 orc priests
  3 hounds
  A centaur skeleton (D:4)
  2 jellies (D:6)
  A gnoll shaman (D:3)
  Jessica (D:2)
  2 iguanas
  8 worker ants
  7 orc wizards
  A sheep (D:11)
  A hound skeleton (D:7)
  A worker ant zombie (D:8)
  11 gnolls
  11 adders
  4 river rats
  3 shadow imps
  An ooze (D:4)
  3 worms
  A dart slug (D:3)
  7 giant geckos
  32 orcs
  6 ball pythons
  7 bats
  3 giant cockroaches
  14 hobgoblins
  14 jackals
  14 kobolds
  7 quokkas
  4 giant newts
  11 goblins
  A quokka zombie (D:5)
  14 rats
281 creatures vanquished.

Vanquished Creatures (collateral kills)
  Josephine (Lair:5)
  2 hydras
  2 oklob plants (Lair:2)
  An ugly thing (D:11)
  5 spiny frogs
  A gargoyle (D:11)
  A centaur skeleton (D:10)
  A kobold demonologist (D:11)
  A komodo dragon (Lair:2)
  A troll (D:9)
  4 blink frogs (Lair:4)
  2 polar bears (Lair:5)
  3 wraiths (Lair:5)
  5 spriggans (Lair:5)
  A basilisk (Lair:2)
  2 wyverns
  2 hungry ghosts (D:11)
  18 yaks
  2 hippogriffs
  Grum (Lair:1)
  2 wargs (D:11)
  4 swamp worms (Lair:3)
  2 water moccasins
  2 porcupines (Lair:5)
  2 ice beasts
  An orc warrior (D:10)
  15 wolves
  4 ogres
  6 centaurs
  5 crocodiles
  6 giant frogs
  5 big kobolds
  A gnoll sergeant (D:8)
  3 scorpions
  2 killer bees (D:10)
  A crimson imp (D:11)
  4 hounds (D:8)
  A jelly (D:11)
  4 orc wizards
  5 orc priests
  2 gnoll shamans (D:8)
  10 iguanas
  A worker ant (D:9)
  5 sheep
  A worker ant zombie (D:11)
  A howler monkey skeleton (D:9)
  7 gnolls
  34 river rats
  2 adders
  2 shadow imps (D:9)
  2 giant geckos
  9 orcs
  2 hobgoblins (D:8)
  3 quokkas
  16 kobolds
  A quokka zombie (D:10)
  10 fungi
  8 plants
247 creatures vanquished.

Vanquished Creatures (others)
  5 orc warriors
  2 orc wizards
  4 orc priests
  26 orcs
  5 fungi
  9 plants
51 creatures vanquished.

Grand Total: 579 creatures vanquished

Notes
Turn   | Place    | Note
--------------------------------------------------------------
     0 | D:1      | recordrepeat the Hill Orc Fighter began the quest for the Orb.
     0 | D:1      | Reached XP level 1. HP: 19/19 MP: 1/1
   187 | D:1      | Reached XP level 2. HP: 26/27 MP: 2/2
   514 | D:1      | Reached XP level 3. HP: 31/33 MP: 3/3
   870 | D:2      | Found an iron altar of Okawaru.
  1120 | D:2      | Noticed Jessica
  1124 | D:2      | Killed Jessica
  1124 | D:2      | Reached XP level 4. HP: 40/40 MP: 4/4
  1418 | D:2      | Reached skill level 4 in Shields
  1767 | D:3      | Reached skill level 1 in Dodging
  1779 | D:3      | Reached XP level 5. HP: 31/46 MP: 5/5
  1927 | D:3      | Found an ancient bone altar of Kikubaaqudgha.
  1929 | D:3      | Found a shattered altar of Ashenzari.
  1970 | D:3      | Became a worshipper of Beogh the Brigand
  2752 | D:3      | Found a stormy altar of Qazlal.
  2834 | D:3      | Reached XP level 6. HP: 44/53 MP: 6/6
  2841 | D:3      | Reached * piety under Beogh
  2997 | D:4      | Reached skill level 5 in Armour
  3008 | D:4      | Noticed Menkaure
  3016 | D:4      | HP: 2/53 [Menkaure (14)]
  3020 | D:4      | Killed Menkaure
  3020 | D:4      | Reached skill level 5 in Axes
  3291 | D:4      | Noticed Blork the orc
  3301 | D:4      | Killed Blork the orc
  3301 | D:4      | Reached skill level 5 in Fighting
  3301 | D:4      | Reached XP level 7. HP: 61/61 MP: 7/7
  3541 | D:4      | Reached skill level 5 in Shields
  3697 | D:4      | You fall through a shaft!
  3697 | D:5      | Entered Level 5 of the Dungeon
  3899 | D:4      | Noticed Eustachio
  3937 | D:4      | Killed Eustachio
  3937 | D:4      | Reached XP level 8. HP: 33/70 MP: 8/8
  4575 | D:5      | Found a sparkling altar of Nemelex Xobeh.
  4868 | D:5      | Found a staircase to the Ecumenical Temple.
  5084 | D:6      | Reached ** piety under Beogh
  5869 | D:6      | HP: 3/70 [orc warrior/hand axe of freezing (2)]
  5886 | D:6      | Reached skill level 6 in Shields
  6401 | D:6      | Found a radiant altar of Vehumet.
  6401 | D:6      | Found a deep blue altar of Sif Muna.
  6566 | D:6      | Reached skill level 1 in Invocations
  6747 | D:6      | Got an ichor-stained helmet
  6753 | D:6      | Identified the +2 helmet of Isiz {+Inv MP+9 Int+6} (You found it on level 6 of the Dungeon)
  6812 | D:6      | Reached XP level 9. HP: 32/78 MP: 9/9
  7296 | D:7      | Found a basalt altar of Yredelemnul.
  8062 | D:7      | Reached skill level 1 in Stealth
  8062 | D:7      | Reached skill level 7 in Shields
  8211 | D:7      | Reached skill level 1 in Maces & Flails
  8892 | D:7      | Reached *** piety under Beogh
  9046 | D:8      | Reached skill level 8 in Shields
  9055 | D:8      | Found a sparkling altar of Nemelex Xobeh.
  9075 | D:8      | Found a staircase to the Lair.
  9248 | D:8      | Reached XP level 10. HP: 88/88 MP: 10/10
  9334 | D:8      | Found an opulent altar of Gozag.
  9740 | D:8      | Found Wovoan's Weapon Emporium.
  9899 | D:8      | Reached **** piety under Beogh
  9939 | D:8      | Gained Boderik as an ally
  9998 | D:8      | Got a pitted iron ring
 10093 | D:8      | Identified the ring "Huuhysoo" {*Confuse rElec rPois rN+++ Int+4} (You took it off a hobgoblin on level 8 of the Dungeon)
 10125 | D:8      | Found a roughly hewn altar of Beogh.
 10322 | D:9      | Reached skill level 9 in Shields
 10664 | D:9      | Gained mutation: You occasionally shout uncontrollably at your foes. [potion of mutation]
 10664 | D:9      | Gained mutation: Your spells are a little easier to cast, but a little less powerful. [potion of mutation]
 10666 | D:9      | Lost mutation: Your spells are a little easier to cast, but a little less powerful. [potion of cure mutation]
 10666 | D:9      | Lost mutation: You occasionally shout uncontrollably at your foes. [potion of cure mutation]
 10667 | D:9      | Gained mutation: You are frail (-10% HP). [potion of mutation]
 10667 | D:9      | Gained mutation: You expend magic power (3 MP) to strengthen your wands. [potion of mutation]
 10667 | D:9      | Gained mutation: You are agile. (Dex +2) [potion of mutation]
 10928 | D:9      | Found Qaankaqig's Book Shop.
 10967 | D:9      | Reached ***** piety under Beogh
 11282 | D:10     | Entered Level 10 of the Dungeon
 11424 | D:10     | Got a spiked ring mail
 11672 | D:10     | Reached skill level 5 in Maces & Flails
 12146 | D:10     | Found a sparkling altar of Nemelex Xobeh.
 12216 | D:10     | Reached XP level 11. HP: 60/85 MP: 12/12
 12466 | Lair:1   | Entered Level 1 of the Lair of Beasts
 12575 | Lair:1   | Reached skill level 10 in Shields
 12593 | Lair:1   | Got a brightly glowing leather armour
 12604 | Lair:1   | Identified the +4 ring mail of the Desert {Dex+4 SInv Stlth+} (You took it off a gnoll on level 10 of the Dungeon)
 12614 | Lair:1   | Identified the +2 leather armour of Daisies {Regen+} (You found it on level 1 of the Lair of Beasts)
 12647 | Lair:1   | Noticed Grum
 12662 | Lair:1   | Killed Grum
 13136 | Lair:2   | Reached skill level 5 in Dodging
 13732 | Lair:2   | Noticed an oklob plant
 13732 | Lair:2   | Noticed an oklob plant
 13752 | Lair:2   | Killed an oklob plant
 13753 | Lair:2   | Killed an oklob plant
 15077 | Lair:3   | Found a staircase to the Swamp.
 15333 | Lair:4   | Noticed an eight-headed hydra
 15343 | Lair:4   | Killed a ten-headed hydra
 15686 | Lair:4   | Noticed a five-headed hydra
 15695 | Lair:4   | Killed a five-headed hydra
 16023 | Lair:4   | Reached skill level 11 in Shields
 17255 | Lair:5   | Noticed Josephine
 17262 | Lair:5   | Killed Josephine
 17262 | Lair:5   | Reached XP level 12. HP: 94/94 MP: 13/13
 17442 | Lair:5   | Found a frozen archway.
 17569 | IceCv    | Entered an ice cave
 18140 | Lair:5   | HP: 4/95 [poisoned by a spriggan]
 18145 | Lair:5   | HP: 2/95 [poisoned by a spriggan]
 18151 | Lair:5   | HP: 1/95 [poisoned by a spriggan]
 18159 | Lair:5   | HP: 1/95 [poisoned by a spriggan]
 18167 | Lair:5   | HP: 1/95 [poisoned by a spriggan]
 18654 | Lair:5   | Noticed an eight-headed hydra
 18666 | Lair:5   | Killed an eight-headed hydra
 18676 | Lair:5   | Reached skill level 10 in Armour
 19850 | D:11     | Reached skill level 10 in Fighting
 19850 | D:11     | Reached skill level 12 in Shields
 20001 | D:11     | Reached ****** piety under Beogh
 20068 | D:11     | Found a staircase to the Orcish Mines.
 20277 | Orc:1    | Entered Level 1 of the Orcish Mines
 20311 | Orc:2    | Entered Level 2 of the Orcish Mines
 20311 | Orc:2    | Found Hungoil's General Store.
 20316 | Orc:2    | Noticed an orc warlord
 20518 | Orc:1    | Gained Arkwar as an ally
 20535 | Orc:1    | Your ally Arkwar died
 20543 | Orc:1    | Mangled by an orc warrior

Skill      XL: |  1  2  3  4  5  6  7  8  9 10 11 12 |
---------------+-------------------------------------+-----
Armour         | 4 5 6 7 8 9 10 | 10.1
Fighting       | 4 5 6 7 8 9 10 | 10.1
Axes           | 3 4 5 7 |  7.9
Shields        | 4 5 6 8 9 11 12 | 12.2
Dodging        | 1 2 3 4 6 7 |  7.7
Invocations    | 1 2 |  2.1
Stealth        | 1 2 3 |  3.5
Maces & Flails | 2 5 6 7 |  7.0

Action                   |  1- 3 |  4- 6 |  7- 9 | 10-12 || total
-------------------------+-------+-------+-------+-------++-------
Melee: War axe           |   133 |   146 |   357 |       ||   636
       Mace              |       |       |   262 |   911 ||  1173
Invok: Convert to Beogh  |       |     1 |       |       ||     1
       Smiting           |       |       |     4 |       ||     4
       Recall Orcish Fol |       |       |       |    21 ||    21
  Use: Potion            |       |     3 |     3 |     8 ||    14
       Scroll            |       |       |    11 |    12 ||    23
 Stab: Distracted        |       |       |       |    13 ||    13
       Sleeping          |       |       |       |     4 ||     4
  Eat: Chunk             |     1 |     7 |    13 |    18 ||    39
       Meat ration       |       |       |     1 |     3 ||     4
       Beef jerky        |       |       |     1 |     1 ||     2
       Royal jelly       |       |       |     1 |     1 ||     2
       Pizza             |       |       |       |     2 ||     2
       Fruit             |       |       |       |     2 ||     2
Armor: Scale mail        |    65 |    25 |       |       ||    90
       Chain mail        |       |    46 |   349 |   138 ||   533
       Skin              |       |     2 |       |    16 ||    18
       Ring mail         |       |       |       |   305 ||   305
Dodge: Dodged            |    40 |    30 |   159 |   580 ||   809
Block: Shield            |    88 |    78 |   362 |   437 ||   965
       Buckler           |       |       |       |   269 ||   269
